[Event "Titled Tuesday Blitz May 10 Early 2022"]
[White "Sjugirov, Sanan"]
[Black "Fier, Alexandr"]
[WhiteFideId "4189302"]
[BlackFideId "2107139"]
[WhiteElo "2602"]
[BlackElo "2571"]
[Result "1-0"]
[Round "08"]
[TimeControl "180+1"]
[Date "2022.05.10"]
[WhiteClock "0:01:22"]
[BlackClock "0:00:43"]

1. e4 c5 2. Nc3 Nc6 3. Nge2 g6 4. d4 cxd4 5. Nxd4 Bg7 6. Be3 Nf6 7. Bc4 O-O 8. Bb3 d6 9. h3 Nxd4 10. Bxd4 b6 11. O-O Bb7 12. Re1 Rc8 13. Qd3 a6 14. Rad1 b5 15. Nd5 Bxd5 16. exd5 Nd7 17. Bxg7 Kxg7 18. Re3 Re8 19. Rde1 Nc5 20. Qd4+ Kg8 21. c3 Nxb3 22. axb3 Qc7 23. h4 Qc5 24. Qd3 Rc7 25. h5 a5 26. Re4 Ra7 27. hxg6 hxg6 28. Rh4 Kg7 29. b4 axb4 30. cxb4 Qc8 31. Qd4+ f6 32. Qxa7 1-0


[Site "https://www.chess.com"]

[Event "Titled Tuesday Blitz May 10 Early 2022"]
[White "Skliarov, Viktor"]
[Black "Devaev, Alexander"]
[WhiteFideId "14106736"]
[BlackFideId "4169395"]
[WhiteElo "2229"]
[BlackElo "2185"]
[Result "1-0"]
[Round "08"]
[TimeControl "180+1"]
[Date "2022.05.11"]
[WhiteClock "0:00:04"]
[BlackClock "0:00:04"]

1. e4 c6 2. d3 d5 3. Nd2 e5 4. Ngf3 Nd7 5. d4 exd4 6. exd5 cxd5 7. Nxd4 Ngf6 8. Qe2+ Be7 9. Nf5 Kf8 10. Qxe7+ Qxe7+ 11. Nxe7 Kxe7 12. Nf3 Re8 13. Be3 Ng4 14. Bd4 Kf8+ 15. Kd1 Nge5 16. Be2 f6 17. Re1 b6 18. Bb5 Nxf3 19. Rxe8+ Kxe8 20. gxf3 a6 21. Bc6 Rb8 22. Bxd5 Bb7 23. Bxb7 Rxb7 24. Kd2 b5 25. a4 b4 26. b3 Kf7 27. Re1 Nb8 28. Bc5 Nc6 29. c3 Rd7+ 30. Kc2 Rc7 31. c4 g5 32. Be3 Ne5 33. f4 Ng4 34. fxg5 Nxe3+ 35. Rxe3 fxg5 36. Re5 h6 37. Ra5 Rc6 38. Kd3 Rf6 39. Ke3 Re6+ 40. Kd4 Rf6 41. c5 Rxf2 42. Rxa6 Rc2 43. Rxh6 g4 44. c6 Ke7 45. c7 Kd7 46. Rh7+ Kc8 47. a5 Ra2 48. Kc4 Rxa5 49. Kxb4 Rf5 50. Kc4 Rf4+ 51. Kd5 Rf3 52. b4 Rd3+ 53. Kc4 Rc3+ 54. Kxc3 1-0


[Site "https://www.chess.com"]

[Event "Titled Tuesday Blitz May 10 Early 2022"]
[White "Soucek, Petr"]
[Black "Martin Duque, Jesus"]
[WhiteFideId "23715170"]
[BlackFideId "2208954"]
[WhiteElo "1979"]
[BlackElo "2243"]
[Result "1-0"]
[Round "08"]
[TimeControl "180+1"]
[Date "2022.05.11"]
[WhiteClock "0:00:06"]
[BlackClock "0:01:34"]

1. e4 c5 2. Nf3 e6 3. g3 b6 4. Bg2 Bb7 5. Nc3 d6 6. O-O Nd7 7. d4 cxd4 8. Nxd4 a6 9. a4 Be7 10. Re1 Qc7 11. Be3 Ngf6 12. h3 Rc8 13. g4 h6 14. f4 Nc5 15. Bf2 g5 16. f5 e5 17. Nb3 Ncd7 18. Qd3 h5 19. Bf3 hxg4 20. hxg4 Qb8 21. Rad1 Qa8 22. Kg2 Kf8 23. Rh1 Kg7 24. Qe3 Nxg4 25. Bxg4 Rxc3 26. bxc3 Bxe4+ 27. Bf3 Nf6 28. Bxe4 Nxe4 29. Rxh8 Kxh8 30. Qf3 g4 31. Rh1+ Kg7 32. Qxg4+ Ng5+ 33. Kg1 Qd5 34. Be3 Qf3 35. Qxf3 Nxf3+ 36. Kf2 e4 37. Nd4 Ne5 38. Nc6 Ng4+ 39. Ke2 Kf6 40. Rg1 Nxe3 41. Kxe3 d5 42. Nd4 Bc5 43. Rb1 a5 44. Rb5 Ke5 45. Rb1 f6 46. Rh1 Ba3 47. Rh8 Bc1+ 48. Ke2 Bb2 49. Re8+ Kf4 50. Re6 Bxc3 51. Nb5 Be5 52. Rxb6 Kxf5 53. Nd6+ Kf4 54. Nf7 Bd4 55. Ra6 Bc3 56. Rd6 d4 57. Rd5 f5 58. Nd6 Bb4 59. Rxf5+ Kg4 60. Rd5 Bc3 61. Nxe4 Bb2 62. Nc5 Kf4 63. Nd3+ Ke4 64. Rxa5 Bc3 65. Re5# 1-0


[Site "https://www.chess.com"]

[Event "Titled Tuesday Blitz May 10 Early 2022"]
[White "Srihari L R"]
[Black "Babazada, Khazar"]
[WhiteFideId "46617116"]
[BlackFideId "13413554"]
[WhiteElo "2121"]
[BlackElo "2406"]
[Result "0-1"]
[Round "08"]
[TimeControl "180+1"]
[Date "2022.05.10"]
[WhiteClock "0:01:22"]
[BlackClock "0:01:48"]

1. d4 Nf6 2. Bg5 Ne4 3. Bf4 c5 4. f3 Nf6 5. dxc5 Qa5+ 6. Qd2 Qxc5 7. e4 Nc6 8. Nc3 Qa5 9. a3 d6 10. O-O-O g6 11. h4 Bg7 12. g4 h5 13. g5 Nd7 14. Nd5 Qxd2+ 15. Bxd2 O-O 16. Bb5 a6 17. Bxc6 bxc6 18. Nxe7+ Kh7 19. Nxc6 Bb7 20. Nb4 a5 21. Nd5 Bxd5 22. exd5 Rab8 23. b3 Rfc8 24. Kb1 Nc5 25. Bxa5 Nxb3 26. Bb4 Nc5 27. Ne2 Na6 28. Rd3 Nxb4 29. axb4 Rxb4+ 30. Kc1 Rb2 31. Rd2 Ra2 32. Kd1 Ra1+ 33. Nc1 Bb2 34. Ke2 Rxc1 35. Rxc1 Bxc1 36. Rd1 Rxc2+ 37. Kd3 Rc5 38. Re1 Rxd5+ 39. Kc4 Rc5+ 40. Kd4 Bb2+ 41. Kd3 Be5 42. f4 Bxf4 43. Rf1 Rf5 44. Ke4 d5+ 45. Kd3 Be5 46. Rb1 Kg7 47. Rb5 Bg3 0-1


[Site "https://www.chess.com"]

[Event "Titled Tuesday Blitz May 10 Early 2022"]
[White "Stankovic, Ivan G"]
[Black "Risteski, Emil"]
[WhiteFideId "902837"]
[BlackFideId "15005267"]
[WhiteElo "2195"]
[BlackElo "2070"]
[Result "1-0"]
[Round "08"]
[TimeControl "180+1"]
[Date "2022.05.11"]
[WhiteClock "0:00:14"]
[BlackClock "0:01:01"]

1. e4 d6 2. c4 e5 3. Nc3 Nc6 4. g3 g6 5. Bg2 Bg7 6. d3 Nge7 7. Nge2 O-O 8. O-O f5 9. Nd5 Be6 10. Be3 Qd7 11. Qd2 Nc8 12. b4 Nd8 13. Bh6 c6 14. Bxg7 Kxg7 15. Ndc3 Nf7 16. f4 Ne7 17. b5 c5 18. Rae1 a6 19. a4 axb5 20. axb5 Ra5 21. Ra1 Rfa8 22. Rxa5 Rxa5 23. Nd5 Ra3 24. g4 Bxd5 25. cxd5 Qxb5 26. fxe5 Qxd3 27. Qxd3 Rxd3 28. e6 Ne5 29. gxf5 gxf5 30. exf5 Kf6 31. Nf4 Ra3 32. Nh5+ Kg5 33. f6 N7g6 34. Ng3 Ra8 35. Ne4+ Kh4 36. Nxd6 c4 37. e7 c3 38. e8=Q Rxe8 39. Nxe8 c2 40. Be4 Nf4 41. Rxf4+ Kg5 42. Rf5+ Kg4 43. Bxc2 Nf7 1-0


[Site "https://www.chess.com"]

[Event "Titled Tuesday Blitz May 10 Early 2022"]
[White "Steinberg, Nitzan"]
[Black "Dubov, Daniil"]
[WhiteFideId "2801795"]
[BlackFideId "24126055"]
[WhiteElo "2471"]
[BlackElo "2791"]
[Result "1-0"]
[Round "08"]
[TimeControl "180+1"]
[Date "2022.05.10"]
[WhiteClock "0:00:11"]
[BlackClock "0:00:04"]

1. e4 c5 2. Nf3 e6 3. d4 cxd4 4. Nxd4 a6 5. Be2 Nf6 6. Nc3 Bb4 7. e5 Nd5 8. Bd2 Bxc3 9. bxc3 Qc7 10. c4 Ne7 11. O-O Qxe5 12. Nf3 Qc7 13. Bb4 d5 14. Bxe7 Qxe7 15. cxd5 exd5 16. Qxd5 O-O 17. Bd3 Nc6 18. Rfe1 Qf6 19. Rab1 Be6 20. Qe4 g6 21. Rxb7 Bxa2 22. Rb6 Rac8 23. Bxa6 Rfe8 24. Qa4 Rxe1+ 25. Nxe1 Qa1 26. Rxc6 Qxe1+ 27. Bf1 Rxc6 28. Qxc6 Be6 29. h3 h5 30. Qa8+ Kh7 31. Qc6 Qc1 32. c4 Bf5 33. Qd5 Be6 34. Qd4 Kg8 35. Qe3 Qd1 36. Qc3 Bc8 37. Qd3 Qxd3 38. Bxd3 Kg7 39. f4 Kf6 40. Kf2 h4 41. Be4 Ke7 42. Ke3 Ba6 43. Kd4 1-0


[Site "https://www.chess.com"]

[Event "Titled Tuesday Blitz May 10 Early 2022"]
[White "Stevens, Christian"]
[Black "Bai, Adelard"]
[WhiteFideId "2604450"]
[BlackFideId "16301188"]
[WhiteElo "2479"]
[BlackElo "2120"]
[Result "1-0"]
[Round "08"]
[TimeControl "180+1"]
[Date "2022.05.11"]
[WhiteClock "0:00:26"]
[BlackClock "0:00:02"]

1. d4 Nf6 2. c4 g6 3. Nc3 d6 4. e4 Nbd7 5. Be2 Bg7 6. Nf3 e5 7. O-O O-O 8. Re1 c6 9. d5 cxd5 10. cxd5 a6 11. a4 Nc5 12. Nd2 Ne8 13. b4 Nd7 14. Ba3 f5 15. Nc4 fxe4 16. Nxe4 Ndf6 17. Ng5 Nc7 18. b5 Nfxd5 19. Ne4 axb5 20. Ncxd6 b4 21. Bb2 Be6 22. Nxb7 Qe7 23. Nbc5 Nf4 24. Nxe6 Ncxe6 25. Bc4 Kh8 26. Qd6 Qa7 27. Bxe6 Rad8 28. Qc5 Qb7 29. Bc4 Rc8 30. Qb5 Qe7 31. Bb3 Qh4 32. Re3 Qg4 33. Qf1 Rcd8 34. h3 Qf5 35. Rae1 h5 36. Ng3 Qg5 37. Bxe5 Bxe5 38. Rxe5 Qf6 39. R5e3 Rd2 40. Ne4 Qf5 41. Nxd2 Qg5 42. Rg3 Qh4 43. Ne4 g5 44. Nxg5 1-0


[Site "https://www.chess.com"]

[Event "Titled Tuesday Blitz May 10 Early 2022"]
[White "Stoleriu, George"]
[Black "Nakamura, Hikaru"]
[WhiteFideId "1227505"]
[BlackFideId "2016192"]
[WhiteElo "2194"]
[BlackElo "2850"]
[Result "1-0"]
[Round "08"]
[TimeControl "180+1"]
[Date "2022.05.11"]
[WhiteClock "0:00:09"]
[BlackClock "0:01:08"]

1. e4 c6 2. Nf3 d5 3. Nc3 Bg4 4. h3 Bxf3 5. Qxf3 e6 6. d3 g6 7. Bd2 Bg7 8. g4 Nd7 9. Bg2 h5 10. g5 Ne7 11. O-O Qc7 12. Qe2 dxe4 13. dxe4 b5 14. a3 Nb6 15. f4 O-O 16. e5 Nf5 17. Ne4 Rfd8 18. Bb4 Nc4 19. Qf2 a5 20. Bc5 Bf8 21. b3 Bxc5 22. Qxc5 Nce3 23. Rfe1 Nxg2 24. Kxg2 Qa7 25. Qxa7 Rxa7 26. Kf2 Kf8 27. a4 Rd4 28. c3 Rd3 29. Rad1 Rad7 30. Rxd3 Rxd3 31. axb5 cxb5 32. Ra1 Re3 33. Nf6 Ke7 34. Rd1 Rxc3 35. Rd7+ Kf8 36. Rd8+ Ke7 37. Re8# 1-0


[Site "https://www.chess.com"]

[Event "Titled Tuesday Blitz May 10 Early 2022"]
[White "Stribuk, Artiom"]
[Black "Agasarov, Benik"]
[WhiteFideId "13515659"]
[BlackFideId "13314823"]
[WhiteElo "2259"]
[BlackElo "2578"]
[Result "1-0"]
[Round "08"]
[TimeControl "180+1"]
[Date "2022.05.11"]
[WhiteClock "0:00:07"]
[BlackClock "0:00:02"]

1. d4 Nf6 2. c4 e6 3. Nc3 d5 4. cxd5 Nxd5 5. Nf3 c5 6. e3 Nc6 7. Bd3 Be7 8. O-O cxd4 9. exd4 O-O 10. Re1 Bf6 11. Be4 Nce7 12. Qd3 h6 13. Bd2 Bd7 14. Qe2 Bc6 15. Bc2 Nf5 16. Rad1 Nxc3 17. bxc3 Rc8 18. Qd3 Bd5 19. Ne5 Bxe5 20. Rxe5 g6 21. Qh3 Nxd4 22. Qxh6 Qf6 23. Rh5 Ne2+ 24. Kf1 Qg7 25. Qxg7+ Kxg7 26. Rh3 Bc4 27. Ke1 Rfd8 28. Bb3 Ba6 29. Rf3 Rd7 30. c4 Nd4 31. Bc3 e5 32. Re3 Bxc4 33. Rxe5 Bxb3 34. Rxd4 Rxd4 35. Bxd4 Rc1+ 36. Kd2 Rd1+ 37. Kc3 Bxa2 38. Re1+ Rxd4 39. Kxd4 Be6 40. Kc5 a5 41. Kb5 a4 42. Kxa4 Bd5 43. g3 Bc6+ 44. Kb4 Kf6 45. Re3 Kf5 46. h3 g5 47. Kc5 f6 48. Kd6 Bg2 49. g4+ Kf4 50. Ke6 b5 51. Kxf6 b4 52. Re5 Bxh3 53. Rxg5 Bxg4 54. Rb5 Kf3 55. Rxb4 Bh3 56. Rb2 Bf1 57. Ke5 Be2 58. Kd4 Kxf2 59. Ke4 Kf1 60. Ke3 Bg4 61. Rf2+ Kg1 62. Rf4 Bh3 63. Kf3 Bg2+ 64. Kg3 Bf1 65. Rf2 Bc4 66. Rc2 Bb5 67. Rc1+ Bf1 68. Rb1 Kh1 69. Rxf1# 1-0


[Site "https://www.chess.com"]

[Event "Titled Tuesday Blitz May 10 Early 2022"]
[White "Suleymanli, Aydin"]
[Black "Nagy, Gabor"]
[WhiteFideId "13413937"]
[BlackFideId "737119"]
[WhiteElo "2481"]
[BlackElo "2569"]
[Result "0-1"]
[Round "08"]
[TimeControl "180+1"]
[Date "2022.05.10"]
[WhiteClock "0:00:01"]
[BlackClock "0:00:47"]

1. e4 c5 2. Nf3 d6 3. d4 cxd4 4. Nxd4 Nf6 5. Nc3 Nc6 6. Be2 Bd7 7. O-O g6 8. b3 Bg7 9. Bb2 O-O 10. Rb1 Rc8 11. Nf3 a6 12. Re1 Bg4 13. h3 Bxf3 14. Bxf3 Nd7 15. Nd5 Bxb2 16. Rxb2 e6 17. Ne3 Nde5 18. Be2 Qf6 19. c3 Rfd8 20. Rd2 Qf4 21. Nf1 h5 22. c4 Qxe4 23. Bxh5 Qh4 24. Be2 Qe7 25. Qa1 d5 26. cxd5 exd5 27. Ne3 d4 28. Ng4 Re8 29. Nxe5 Qxe5 30. Rdd1 Qf6 31. a3 Kg7 32. Bf3 Rxe1+ 33. Rxe1 Ne5 34. Bxb7 Rc2 35. Rf1 d3 36. Qe1 Re2 37. Qd1 Qf4 38. Bxa6 Qd4 39. Qa1 Rb2 40. Kh1 d2 41. b4 Kh7 42. Be2 Nd3 43. Bxd3 Qxd3 44. Rd1 Rc2 45. Qf6 Kg8 46. Kh2 Rc1 47. Rxc1 dxc1=Q 0-1


[Site "https://www.chess.com"]

[Event "Titled Tuesday Blitz May 10 Early 2022"]
[White "Todorovic, Bojan"]
[Black "Jodorcovsky Werjivker, Paulo"]
[WhiteFideId "917087"]
[BlackFideId "3700305"]
[WhiteElo "2266"]
[BlackElo "2075"]
[Result "1-0"]
[Round "08"]
[TimeControl "180+1"]
[Date "2022.05.11"]
[WhiteClock "0:00:35"]
[BlackClock "0:01:35"]

1. d4 f5 2. g3 Nf6 3. Bg2 d6 4. Nf3 g6 5. O-O Bg7 6. c4 O-O 7. Nc3 Nc6 8. d5 Ne5 9. Nxe5 dxe5 10. b3 Rb8 11. Bb2 e6 12. Ba3 Re8 13. d6 Bf8 14. dxc7 Qxc7 15. Nb5 Qb6 16. Bb2 a6 17. Bxe5 axb5 18. Bxb8 e5 19. a4 Nd7 20. a5 Qc5 21. b4 Qxb4 22. Rb1 Qxc4 23. Bd5+ 1-0


[Site "https://www.chess.com"]

[Event "Titled Tuesday Blitz May 10 Early 2022"]
[White "Tomaszewski, Kacper"]
[Black "Pourkashiyan, Atousa"]
[WhiteFideId "1127373"]
[BlackFideId "12502014"]
[WhiteElo "2153"]
[BlackElo "2247"]
[Result "1-0"]
[Round "08"]
[TimeControl "180+1"]
[Date "2022.05.11"]
[WhiteClock "0:00:16"]
[BlackClock "0:00:05"]

1. c4 e6 2. e3 d5 3. Nf3 Nf6 4. b3 Be7 5. Bb2 c5 6. cxd5 exd5 7. d4 Nc6 8. Be2 O-O 9. O-O Bg4 10. h3 Bh5 11. dxc5 Bxc5 12. Nbd2 Re8 13. Rc1 Bb6 14. Re1 Rc8 15. Nf1 Ne4 16. Nd4 Bg6 17. Nxc6 bxc6 18. Bf3 Ba5 19. Re2 c5 20. Bxe4 Bxe4 21. Ng3 Bg6 22. a3 f6 23. b4 cxb4 24. Rxc8 Qxc8 25. Qxd5+ Kh8 26. Qxa5 b3 27. Qc3 Qxc3 28. Bxc3 Bc2 29. Rd2 a5 30. a4 Kg8 31. Ne2 Rc8 32. Bb2 Rc4 33. Nd4 Kf7 34. Kf1 Kg6 35. Ke2 h5 36. Nxc2 bxc2 37. Bc1 h4 38. Kd3 Rxa4 39. Rxc2 Kf5 40. Bd2 Ra3+ 41. Rc3 Rxc3+ 42. Kxc3 a4 43. Kb4 Ke4 44. Kxa4 Kd3 45. Bb4 Ke2 46. Bf8 g6 47. Be7 Kxf2 48. Bxf6 Kxg2 49. Bxh4 Kxh3 50. Be7 Kg4 51. Kb3 Kf3 52. Bg5 Kg4 53. Bh6 Kh5 54. Bf8 g5 55. Kc3 g4 56. Kd3 g3 57. Ke2 Kg4 58. Bd6 1-0


[Site "https://www.chess.com"]

[Event "Titled Tuesday Blitz May 10 Early 2022"]
[White "Toncheva, Nadya"]
[Black "Mirzoev, Azer"]
[WhiteFideId "2924056"]
[BlackFideId "13400304"]
[WhiteElo "1888"]
[BlackElo "2525"]
[Result "0-1"]
[Round "08"]
[TimeControl "180+1"]
[Date "2022.05.11"]
[WhiteClock "0:00:03"]
[BlackClock "0:00:02"]

1. e4 d5 2. exd5 Qxd5 3. Nc3 Qa5 4. d4 Nf6 5. Nf3 Bg4 6. h3 Bh5 7. Bc4 Nbd7 8. O-O c6 9. Qe2 e6 10. Bd2 Qc7 11. g4 Bg6 12. Ng5 O-O-O 13. Kg2 Nb6 14. Bb3 h6 15. Nf3 Nfd5 16. Ne4 h5 17. Ne5 hxg4 18. hxg4 Kb8 19. c4 Nf6 20. Ng3 Rxd4 21. Bc3 Rd8 22. Nxg6 fxg6 23. Qxe6 Bd6 24. Rad1 Bf4 25. c5 Nbd5 26. Qe1 Nxc3 27. Qxc3 a6 28. Qf3 g5 29. Ne4 Rh2+ 30. Kg1 Rdh8 31. Ng3 Nd7 32. Be6 Nxc5 33. Bf5 g6 34. b4 Na4 35. Rd7 Qb6 36. Rfd1 Qxb4 37. Rd8+ Ka7 38. Rxh8 Rxh8 39. Bxg6 Nc5 40. Be4 Nxe4 41. Nxe4 a5 42. Kg2 Re8 43. a3 Qxe4 0-1


[Site "https://www.chess.com"]

[Event "Titled Tuesday Blitz May 10 Early 2022"]
[White "Tristan, Leonardo"]
[Black "Juhasz, Agoston"]
[WhiteFideId "113816"]
[BlackFideId "778346"]
[WhiteElo "2404"]
[BlackElo "2211"]
[Result "1-0"]
[Round "08"]
[TimeControl "180+1"]
[Date "2022.05.11"]
[WhiteClock "0:00:19"]
[BlackClock "0:00:04"]

1. d4 Nf6 2. Nf3 g6 3. Bf4 b6 4. e3 Bb7 5. Be2 Bg7 6. O-O O-O 7. Nbd2 c5 8. c3 d6 9. h3 Nbd7 10. a4 a6 11. Bh2 Rc8 12. Bd3 Qc7 13. Qe2 Nb8 14. e4 Nfd7 15. d5 Rfe8 16. Nc4 b5 17. axb5 axb5 18. Na3 c4 19. Bc2 b4 20. Nb5 Qb6 21. Nbd4 b3 22. Bb1 Na6 23. Ra4 Ne5 24. Nxe5 dxe5 25. Nf3 Qb5 26. Ra3 f6 27. Nd2 Qc5 28. Ra4 Qb5 29. Rxc4 Nc5 30. Qe3 Ba6 31. Re1 Qa5 32. Rb4 Rb8 33. Nc4 Bxc4 34. Rxc4 Rec8 35. f4 Na4 36. Rxc8+ Rxc8 37. Qf2 exf4 38. Bxf4 Bf8 39. e5 e6 40. d6 fxe5 41. Bxe5 Bg7 42. Bxg7 Kxg7 43. Rxe6 Qc5 44. Re7+ Kg8 45. Qxc5 Nxc5 46. d7 Rf8 47. Be4 Nxe4 48. Re8 1-0


[Site "https://www.chess.com"]

[Event "Titled Tuesday Blitz May 10 Early 2022"]
[White "Valle Maytin, Luis Enrique"]
[Black "Estrada Nieto, Julian"]
[WhiteFideId "3503666"]
[BlackFideId "5101018"]
[WhiteElo "2280"]
[BlackElo "2252"]
[Result "0-1"]
[Round "08"]
[TimeControl "180+1"]
[Date "2022.05.11"]
[WhiteClock "0:00:18"]
[BlackClock "0:00:18"]

1. e4 e5 2. Nf3 Nc6 3. Bb5 a6 4. Ba4 Nf6 5. O-O Be7 6. c3 b5 7. Bb3 d6 8. Re1 O-O 9. h3 Bb7 10. d4 Re8 11. Nbd2 Bf8 12. Bc2 h6 13. Nf1 exd4 14. cxd4 Nb4 15. Ng3 Nxc2 16. Qxc2 Qd7 17. Bf4 Nxe4 18. Nxe4 Qf5 19. Nf6+ Qxf6 20. Qd2 Bxf3 21. gxf3 g5 22. Bg3 Qxf3 23. d5 Bg7 24. Rxe8+ Rxe8 25. Rc1 Re2 26. Qd1 Be5 27. Rc2 Rxf2 28. Qxf3 Rxf3 29. Bxe5 dxe5 30. Rxc7 Rxh3 31. Rc6 Kg7 32. Rxa6 Rd3 33. d6 Kf6 34. Rb6 Ke6 35. Rxb5 Rxd6 36. a4 e4 37. Kf2 f5 38. a5 Rd2+ 39. Ke3 Rd3+ 40. Ke2 f4 41. a6 f3+ 42. Kf2 Rd2+ 43. Kf1 e3 44. Rb6+ Ke5 45. Rb5+ Kf4 46. Rb4+ Kg3 47. a7 Rd1# 0-1


[Site "https://www.chess.com"]

[Event "Titled Tuesday Blitz May 10 Early 2022"]
[White "Van den Dikkenberg, Erik"]
[Black "Silva, Mariana Sofia T."]
[WhiteFideId "1005880"]
[BlackFideId "1911899"]
[WhiteElo "2118"]
[BlackElo "1825"]
[Result "1-0"]
[Round "08"]
[TimeControl "180+1"]
[Date "2022.05.11"]
[WhiteClock "0:00:25"]
[BlackClock "0:00:09"]

1. e4 c6 2. d4 d5 3. exd5 cxd5 4. Bd3 Nc6 5. c3 Nf6 6. f4 Bg4 7. Qb3 Qd7 8. Nd2 g6 9. Ngf3 Bf5 10. Bxf5 gxf5 11. O-O Ne4 12. Ne5 Nxe5 13. fxe5 e6 14. Nxe4 dxe4 15. Bg5 Be7 16. Bxe7 Kxe7 17. Kh1 Rag8 18. Qa3+ Ke8 19. Qxa7 Qc6 20. Rg1 Kd7 21. Qa3 Rg6 22. Rae1 Rhg8 23. Re2 Rg4 24. h3 Rg3 25. Kh2 h5 26. Qb4 b5 27. a3 h4 28. Qa5 Qb7 29. a4 bxa4 30. Qxa4+ Ke7 31. Qa3+ Kd7 32. Qd6+ Kc8 33. c4 e3 34. c5 Qe4 35. c6 Rxg2+ 36. Rexg2 Qf4+ 37. Kh1 Rd8 38. Qe7 e2 39. Qb7# 1-0


[Site "https://www.chess.com"]

[Event "Titled Tuesday Blitz May 10 Early 2022"]
[White "Vifleemskaia, Svetlana"]
[Black "Bas Mas, Jose Joaquin"]
[WhiteFideId "4129490"]
[BlackFideId "22219064"]
[WhiteElo "1929"]
[BlackElo "2233"]
[Result "1-0"]
[Round "08"]
[TimeControl "180+1"]
[Date "2022.05.11"]
[WhiteClock "0:00:19"]
[BlackClock "0:00:14"]

1. d4 d5 2. c4 Nf6 3. Nc3 e6 4. cxd5 exd5 5. Bg5 Be7 6. Qc2 c6 7. e3 h6 8. Bh4 Nbd7 9. Bd3 O-O 10. Nge2 Re8 11. O-O Ne4 12. Bxe7 Qxe7 13. Rae1 Ndf6 14. f3 Nxc3 15. Nxc3 c5 16. Qd2 Be6 17. dxc5 Qxc5 18. Ne2 Bd7 19. Nd4 Qb6 20. Qf2 Rac8 21. Rc1 a6 22. a3 Rc7 23. b4 Rec8 24. Qd2 Ne8 25. Nb3 Nd6 26. Rxc7 Rxc7 27. Nc5 Qa7 28. Bb1 Nc4 29. Qxd5 Nxe3 30. Qe5 Nxf1 31. Qxc7 g6 32. Qxd7 Nd2 33. Qxd2 b6 34. Qd8+ Kg7 35. Nd7 b5+ 36. Kf1 Qe3 37. Qf8+ Kh7 38. Nf6# 1-0


[Site "https://www.chess.com"]

[Event "Titled Tuesday Blitz May 10 Early 2022"]
[White "Vignesh, N R"]
[Black "Prieto Aranguren, Alain"]
[WhiteFideId "25012215"]
[BlackFideId "2268906"]
[WhiteElo "2363"]
[BlackElo "2235"]
[Result "1-0"]
[Round "08"]
[TimeControl "180+1"]
[Date "2022.05.11"]
[WhiteClock "0:02:14"]
[BlackClock "0:01:43"]

1. e4 c6 2. d4 d5 3. e5 Bf5 4. Nd2 e6 5. Nb3 Nd7 6. Nf3 Ne7 7. Be2 Nc8 8. O-O Be7 9. a4 O-O 10. Bd3 Bg6 11. Be3 a6 12. a5 Na7 13. Ne1 Nb5 14. f4 f5 15. exf6 Nxf6 16. Bxg6 hxg6 17. Nd3 Ne4 18. Ne5 g5 19. Qg4 Rf5 20. Rf3 Nf6 21. Qh3 gxf4 22. Rxf4 Nd6 23. Rh4 1-0


[Site "https://www.chess.com"]

[Event "Titled Tuesday Blitz May 10 Early 2022"]
[White "Wagner, Dennis"]
[Black "Keymer, Vincent"]
[WhiteFideId "24650684"]
[BlackFideId "12940690"]
[WhiteElo "2355"]
[BlackElo "2548"]
[Result "0-1"]
[Round "08"]
[TimeControl "180+1"]
[Date "2022.05.10"]
[WhiteClock "0:00:05"]
[BlackClock "0:00:32"]

1. c4 Nf6 2. Nc3 e5 3. Nf3 Nc6 4. d3 Bb4 5. Bd2 O-O 6. a3 Bxc3 7. Bxc3 e4 8. Nd4 Ne5 9. Nf5 Re8 10. Qd2 d5 11. Nxg7 d4 12. Nxe8 Nxe8 13. dxe4 c5 14. e3 Nc6 15. exd4 cxd4 16. O-O-O Bg4 17. f3 dxc3 18. Qxd8 cxb2+ 19. Kxb2 Nxd8 20. fxg4 Ne6 21. Be2 Nc5 22. Rhf1 Rc8 23. e5 b6 24. g5 Ng7 25. h4 Nge6 26. Bh5 Rc7 27. Rd6 Kg7 28. Bg4 Nf8 29. Rdf6 Nd3+ 30. Kb3 Nxe5 31. Bh5 Ne6 32. R6f5 Nd4+ 33. Kb4 Rxc4# 0-1


[Site "https://www.chess.com"]

[Event "Titled Tuesday Blitz May 10 Early 2022"]
[White "Winkels, Marcel"]
[Black "Harish, Neeraj"]
[WhiteFideId "1003887"]
[BlackFideId "30958130"]
[WhiteElo "1900"]
[BlackElo "1574"]
[Result "1-0"]
[Round "08"]
[TimeControl "180+1"]
[Date "2022.05.11"]
[WhiteClock "0:01:34"]
[BlackClock "0:00:06"]

1. d4 Nf6 2. Nc3 d5 3. Bf4 c5 4. e3 Nc6 5. Nf3 cxd4 6. exd4 Bf5 7. Bd3 Bxd3 8. Qxd3 e6 9. O-O-O Qa5 10. Kb1 Rc8 11. Qb5 Qxb5 12. Nxb5 a6 13. Nd6+ Bxd6 14. Bxd6 Kd7 15. Ba3 b5 16. Ng5 Ke8 17. c3 a5 18. Bc5 h6 19. Nf3 Ne4 20. Rhf1 Nxc5 21. dxc5 b4 22. cxb4 Nxb4 23. Rc1 Na6 24. c6 Ke7 25. Nd4 e5 26. Rfe1 Kf6 27. Nb5 Nb4 28. Rc3 Rxc6 29. Rxc6+ Nxc6 30. Rc1 Nb4 31. a3 Nd3 32. Rc6+ Kg5 33. f3 e4 34. Nd6 1-0


[Site "https://www.chess.com"]

[Event "Titled Tuesday Blitz May 10 Early 2022"]
[White "Yilmaz, Mustafa"]
[Black "Maghsoodloo, Parham"]
[WhiteFideId "6302718"]
[BlackFideId "12539929"]
[WhiteElo "2568"]
[BlackElo "2630"]
[Result "0-1"]
[Round "08"]
[TimeControl "180+1"]
[Date "2022.05.10"]
[WhiteClock "0:00:10"]
[BlackClock "0:00:12"]

1. d4 d5 2. c4 e6 3. Nf3 Nf6 4. Nc3 dxc4 5. e4 b5 6. e5 Nd5 7. Nxb5 Nb6 8. Be2 Nc6 9. a3 Rb8 10. Be3 Be7 11. Qc2 Ba6 12. Nc3 Na5 13. Rd1 Qd7 14. h4 h6 15. Rh3 Bb7 16. Rg3 Kf8 17. d5 Nxd5 18. Bxa7 Ra8 19. Nxd5 Bxd5 20. Bd4 Qb5 21. Bc3 Nb7 22. Nd4 Qb6 23. h5 Nc5 24. Bb4 Nd3+ 25. Bxd3 Bxb4+ 26. axb4 Qxd4 27. Be2 Qxe5 28. Kf1 Ra2 29. Qc3 Qxc3 30. bxc3 f5 31. Ke1 Kf7 32. Bxc4 Bxc4 33. Rd7+ Kf6 34. f4 g5 35. hxg6 e5 36. Rxc7 exf4 37. g7 Re8+ 38. Kd1 Bb3+ 39. Kc1 Re1# 0-1


[Site "https://www.chess.com"]

[Event "Titled Tuesday Blitz May 10 Early 2022"]
[White "Yuan, Qingyu"]
[Black "Andreikin, Dmitry"]
[WhiteFideId "8609772"]
[BlackFideId "4158814"]
[WhiteElo "2359"]
[BlackElo "2736"]
[Result "1-0"]
[Round "08"]
[TimeControl "180+1"]
[Date "2022.05.10"]
[WhiteClock "0:00:16"]
[BlackClock "0:00:38"]

1. e4 c5 2. Nf3 e6 3. b3 b6 4. d4 cxd4 5. Nxd4 Bb7 6. Nd2 d6 7. Bb2 Nf6 8. Bd3 Nbd7 9. Qe2 a6 10. O-O-O Nc5 11. Kb1 Be7 12. f4 Nxd3 13. cxd3 O-O 14. g4 a5 15. g5 Nd7 16. Rhg1 a4 17. h4 b5 18. h5 Qa5 19. b4 Qxb4 20. a3 Qa5 21. g6 Bf6 22. Qg4 Nc5 23. gxh7+ Kh8 24. h6 g6 25. Nc6 Bxc6 26. Bxf6+ Kxh7 27. f5 exf5 28. exf5 Rg8 29. Bg7 g5 30. Qxg5 Be8 31. Qf6 Nd7 32. Nf3 Nxf6 33. Ng5# 1-0


[Site "https://www.chess.com"]

[Event "Titled Tuesday Blitz May 10 Early 2022"]
[White "Yurtseven, Melih"]
[Black "Jarovinsky, Alexey"]
[WhiteFideId "6312160"]
[BlackFideId "14115131"]
[WhiteElo "2160"]
[BlackElo "2446"]
[Result "0-1"]
[Round "08"]
[TimeControl "180+1"]
[Date "2022.05.11"]
[WhiteClock "0:00:01"]
[BlackClock "0:00:20"]

1. c4 Nc6 2. Nc3 e5 3. g3 Bb4 4. Nd5 Nf6 5. Nxb4 Nxb4 6. Bg2 O-O 7. d3 a5 8. Bd2 d6 9. Bc3 c5 10. Nf3 Bd7 11. Nd2 Bc6 12. Ne4 Ne8 13. a3 f5 14. axb4 axb4 15. Bd2 fxe4 16. dxe4 Rxa1 17. Qxa1 Nc7 18. O-O b5 19. Qa2 bxc4 20. Qxc4+ Kh8 21. Be3 Bb5 22. Qc2 Ne6 23. Ra1 Qb6 24. Qb3 Nd4 25. Bxd4 exd4 26. Qf7 Qd8 27. Qh5 Qe8 28. Qd5 Qe5 29. Ra8 Qxd5 30. Rxf8+ Qg8 31. Rxg8+ Kxg8 32. Bf1 c4 33. Bh3 Kf7 0-1


[Site "https://www.chess.com"]